 Dungeon Crawl Stone Soup version 0.28-a0-863-g8cecda6153 (webtiles) character file.

Game seed: 3563559113638637856

14725 TheGamechu the Fighter (level 11, -5/104 HPs)
             Began as a Minotaur Fighter on Nov 16, 2021.
             Was a High Priest of Okawaru.
             Slain by Urug (15 damage)
             ... on level 11 of the Dungeon.
             The game lasted 00:37:07 (11451 turns).

TheGamechu the Fighter (Minotaur Fighter)          Turns: 11451, Time: 00:37:07

Health: -5/104     AC: 27    Str: 21    XL:     11   Next: 92%
Magic:  11/13      EV:  6    Int:  5    God:    Okawaru [*****.]
Gold:   1792       SH: 17    Dex: 19    Spells: 10/10 levels left

rFire   + + .      SeeInvis .   a - +0 war axe (freeze)
rCold   + + .      Faith    .   o - +2 shield of Resistance {rF++ rC++ Will++}
rNeg    . . .      Spirit   .   r - +5 crystal plate armour
rPois   .          Reflect  .   H - +0 hat
rElec   .          Harm     .   (no cloak)
rCorr   .          Rampage  .   l - +0 pair of gloves
Will    ++...                   (no boots)
Stlth   ..........              (no amulet)
HPRegen 0.27/turn               w - +6 ring of dexterity
MPRegen 0.13/turn               p - +4 ring of slaying

@: heroic, studying Throwing
A: horns 2, retaliatory headbutt
a: Renounce Religion, Heroism, Finesse, Duel


You were on level 11 of the Dungeon.
You worshipped Okawaru.
Okawaru was extremely pleased with you.
You visited 2 branches of the dungeon, and saw 12 of its levels.

You collected 1834 gold pieces.
You spent 42 gold pieces at shops.

Inventory:

Hand Weapons
 a - a +0 war axe of freezing (weapon)
 y - a +2 vorpal mace
Missiles
 c - 8 boomerangs (quivered)
 e - 217 stones
 i - 110 poisoned darts
 n - 4 javelins
 z - 16 curare-tipped darts
Armour
 l - a +0 pair of gloves (worn)
 o - the +2 shield of Resistance (worn) {rF++ rC++ Will++}
   (You acquired it on level 4 of the Dungeon)

   rF:        It greatly protects you from fire.
   rC:        It greatly protects you from cold.
   Will:      It greatly increases your willpower.
 r - a +5 crystal plate armour (worn)
 H - a +0 hat (worn)
Jewellery
 m - a ring of positive energy
 p - a +4 ring of slaying (right hand)
 t - a ring of protection from fire
 w - a +6 ring of dexterity (left hand)
 A - a ring of protection from cold
Wands
 q - a wand of digging (8)
 C - a wand of mindburst (9)
 F - a wand of iceblast (7)
Scrolls
 h - a scroll of amnesia
 j - a scroll of brand weapon
 v - 2 scrolls of fog
 G - 2 scrolls of identify
Potions
 b - 3 potions of haste
 d - 2 potions of might
 f - 2 potions of flight
 g - 3 potions of curing
 k - a potion of heal wounds
 s - 3 potions of brilliance
 u - a potion of degeneration {unknown}
 x - 2 potions of berserk rage
 B - 2 potions of cancellation
 E - a potion of mutation {unknown}
 N - a potion of resistance


   Skills:
 + Level 12.2(17.2) Fighting
 + Level 11.8(16.8) Axes
 - Level 8.6(13.6) Throwing
 - Level 6.5(11.5) Armour
 + Level 11.5(16.5) Shields
 + Level 5.1 Invocations


You had 10 spell levels left.
You didn't know any spells.
Your spell library contained the following spells:

 Spells                   Type           Power      Damage    Failure   Level
 Magic Dart               Conj           0%         1d3       100%        1
 Ensorcelled Hibernation  Hex/Ice        0%         N/A       100%        2
 Searing Ray              Conj           0%         2d4       100%        2
 Conjure Flame            Conj/Fire      0%         6-21      100%        3
 Gell's Gravitas          Tloc           0%         N/A       100%        3
 Ignite Poison            Fire/Tmut/Pois 0%         N/A       100%        3
 Spider Form              Tmut/Pois      0%         N/A       100%        3
 Teleport Other           Tloc           0%         N/A       100%        3
 Fulminant Prism          Conj/Hex       0%         3d6       100%        4
 Sticky Flame             Conj/Fire      0%         2d3       100%        4
 Dispersal                Tloc           0%         N/A       100%        6


Dungeon Overview and Level Annotations

Branches:
Dungeon (11/15)            Temple (1/1) D:6            Lair (0/6) D:8
    Orc: D:9-12

Altars:
Ashenzari
Cheibriados
Dithmenos
Elyvilon
Fedhas
Gozag
Hepliaklqana
Kikubaaqudgha
Makhleb
Nemelex Xobeh
Okawaru
Qazlal
Ru
Sif Muna
Trog
Uskayaw
Vehumet
Wu Jian
Xom
Yredelemnul
Zin
The Shining One

Shops:
D:8 *

Annotations:
D:11 Urug


Innate Abilities, Weirdness & Mutations

You have a pair of horns on your head.
You reflexively headbutt those who attack you in melee.


Message History

The shadow is heavily damaged.
The shadow hits you.
Okay, then.
You feel much better. The shadow hits you.
Urug hits you with a +4 vorpal double sword!
Okay, then.
You gain the combat prowess of a mighty hero.
The shadow hits you.
Urug hits you with a +4 vorpal double sword.
You barely miss Urug. You headbutt Urug, but do no damage.
Urug is moderately wounded.
You hit the shadow. The shadow hits you.
You slash Urug! You freeze Urug.
Urug is heavily wounded.
You slash the shadow! You block Urug's attack.
The shadow slips into darkness.
The shadow flickers and vanishes!
Deactivating autopickup; reactivate with Ctrl-A.
You hit Urug but do no damage. You headbutt Urug!
Urug is severely wounded.
You closely miss something.
Urug hits you with a +4 vorpal double sword.
* * * LOW HITPOINT WARNING * * *
x2 You hit Urug.
You freeze Urug. You headbutt Urug.
Urug is almost dead.
You miss something.
The shadow strikes at you from the darkness!
* * * LOW HITPOINT WARNING * * *
Reactivating autopickup.
Unknown command.
You hit Urug but do no damage.
Urug is almost dead.
You slash the shadow!
You destroy the shadow!
Okawaru accepts your kill. You block Urug's attack.
You hit Urug but do no damage.
Urug is almost dead.
Urug hits you with a +4 vorpal double sword!
You die...

##'##..###
....#....# ≈....#
....#....# ≈≈≈≈.#
....#....# #....#
....#....# #...(#
....#....# #....#
....#....# #....#
....#....# #..o.#
#####(...#######@###
...................#
...................#
...................#
...................#
...................#
..........>........#
###############'####
............#......#


You could see Urug.

Vanquished Creatures
  Harold (D:9)
  A two-headed ogre (D:8)
  The ghost of ders the Geomancer, a novice GrEE of Vehumet (D:8)
  The ghost of nocore the Destroyer, a novice TeAE of Ashenzari (D:6)
  A cyclops (D:11)
  A manticore (D:11)
  Joseph (D:9)
  3 gargoyles
  Maggie (D:10)
  2 kobold demonologists (D:9)
  2 trolls
  A hornet (D:8)
  Prince Ribbit (D:9)
  Grinder (D:6)
  A shadow (D:11)
  Eustachio (D:6)
  18 yaks
  4 vampire mosquitoes (D:10)
  An acid dragon (D:8)
  Duvessa (D:6)
  A water moccasin (D:5)
  A hornet zombie (D:9)
  A sky beast (D:6)
  4 orc warriors
  3 black bears
  3 ogres
  5 centaurs
  2 phantoms
  11 kobold brigands
  3 bullfrogs
  6 scorpions
  Dowan (D:6)
  9 killer bees
  2 howler monkeys
  3 wights (D:10)
  3 quasits (D:6)
  2 centaur zombies
  A gnoll shaman (D:5)
  7 orc priests
  A jelly (D:2)
  2 bullfrog skeletons
  7 hounds
  A centaur skeleton (D:5)
  3 iguanas
  6 orc wizards
  A hound skeleton (D:4)
  2 howler monkey zombies
  4 gnolls (D:5)
  6 adders
  A howler monkey skeleton (D:5)
  A shadow imp (D:6)
  An ufetubus (D:4)
  An adder skeleton (D:4)
  2 worms (D:4)
  6 dart slugs
  32 orcs
  2 bats
  8 endoplasms
  A giant cockroach (D:4)
  5 goblins
  9 hobgoblins
  3 jackals (D:3)
  6 quokkas
  5 ball pythons
  2 frilled lizards (D:2)
  14 kobolds
  4 rats
248 creatures vanquished.

Vanquished Creatures (others)
  5 fungi
  8 plants
13 creatures vanquished.

Grand Total: 261 creatures vanquished

Notes
Turn   | Place    | Note
-------+----------+-------------------------------------------
     0 | D:1      | TheGamechu the Minotaur Fighter began the quest for the
                  | Orb.
     0 | D:1      | Reached XP level 1. HP: 19/19 MP: 0/0
   389 | D:1      | Reached XP level 2. HP: 27/27 MP: 1/1
   955 | D:2      | Reached skill level 4 in Fighting
   957 | D:2      | Found a faded altar of an unknown god.
  1391 | D:2      | Reached XP level 3. HP: 32/34 MP: 2/2
  1860 | D:2      | Reached XP level 4. HP: 41/41 MP: 3/3
  2071 | D:3      | Noticed an ogre
  2079 | D:3      | Killed an ogre
  2080 | D:3      | Reached skill level 1 in Throwing
  2080 | D:3      | Reached XP level 5. HP: 17/47 MP: 4/4
  2512 | D:3      | Reached skill level 5 in Fighting
  3114 | D:4      | Reached skill level 5 in Armour
  3228 | D:4      | Reached XP level 6. HP: 48/56 MP: 5/5
  3844 | D:4      | Reached skill level 5 in Axes
  4045 | D:4      | Identified 3 scrolls of acquirement
  4045 | D:4      | Acquired the +2 shield of Resistance {rF++ rC++ Will++}
  4045 | D:4      | Found the +2 shield of Resistance {rF++ rC++ Will++}
  4050 | D:4      | Reached XP level 7. HP: 62/62 MP: 6/6
  4050 | D:4      | Acquired a +2 crystal plate armour
  4052 | D:4      | Acquired 1208 gold pieces
  4092 | D:4      | Reached skill level 6 in Fighting
  4432 | D:5      | Entered Level 5 of the Dungeon
  4751 | D:5      | Reached skill level 5 in Shields
  4751 | D:5      | Reached XP level 8. HP: 67/71 MP: 7/7
  5395 | D:5      | Reached skill level 7 in Fighting
  5762 | D:6      | Noticed Duvessa
  5762 | D:6      | Noticed Dowan
  5773 | D:6      | Killed Duvessa
  5776 | D:6      | Killed Dowan
  5983 | D:6      | Reached skill level 5 in Throwing
  5994 | D:6      | Noticed nocore's ghost (novice TeAE)
  6013 | D:6      | Found a transporter.
  6043 | D:6      | Noticed Grinder
  6052 | D:6      | Killed Grinder
  6053 | D:6      | Reached XP level 9. HP: 65/81 MP: 8/8
  6159 | D:6      | Noticed Eustachio
  6171 | D:6      | Killed Eustachio
  6172 | D:6      | Reached skill level 8 in Fighting
  6254 | D:6      | Found a transporter.
  6277 | D:6      | Found a staircase to the Ecumenical Temple.
  6312 | Temple   | Entered the Ecumenical Temple
  6519 | Temple   | Became a worshipper of Warmaster Okawaru
  7103 | D:6      | Killed nocore's ghost
  7103 | D:6      | Reached * piety under Okawaru
  7283 | D:6      | Identified the +1 ring mail "Xaofeaw" {rPois Regen+ Stlth+}
  7449 | D:7      | Noticed a gargoyle
  7453 | D:7      | Killed a gargoyle
  7454 | D:7      | Reached skill level 9 in Fighting
  7468 | D:7      | Reached ** piety under Okawaru
  7838 | D:8      | Identified the +3 leather armour of the Gloaming {+Blink
                  | rPois Slay+2}
  7916 | D:8      | Reached XP level 10. HP: 91/91 MP: 9/9
  7970 | D:8      | Found a staircase to the Lair.
  8052 | D:8      | Acquired a manual of Throwing
  8190 | D:8      | Found Fejifu's General Store.
  8198 | D:8      | Bought a potion of curing for 42 gold pieces
  8441 | D:8      | Noticed a two-headed ogre
  8450 | D:8      | Killed a two-headed ogre
  8725 | D:9      | Noticed Joseph
  8739 | D:9      | Killed Joseph
  8739 | D:9      | Reached *** piety under Okawaru
  8740 | D:9      | Reached skill level 10 in Fighting
  8774 | D:9      | Noticed Harold
  8792 | D:9      | Killed Harold
  8975 | D:9      | Found a runed translucent gate.
  8975 | D:9      | Found a runed translucent gate.
  8975 | D:9      | Found a runed translucent gate.
  8979 | D:9      | Noticed ders's ghost (novice GrEE)
  9079 | D:9      | Identified the +1 leather armour "Dowory" {rElec}
  9086 | D:9      | Noticed a gargoyle
  9092 | D:9      | Killed a gargoyle
  9092 | D:9      | Reached **** piety under Okawaru
  9093 | D:9      | Reached skill level 10 in Axes
  9129 | D:9      | Found a white marble altar of Elyvilon.
  9148 | D:9      | Reached skill level 1 in Invocations
  9278 | D:9      | Noticed Prince Ribbit
  9284 | D:9      | Killed Prince Ribbit
  9710 | D:9      | Reached skill level 10 in Shields
  9710 | D:9      | Reached XP level 11. HP: 95/101 MP: 11/11
  9935 | D:8      | Reached skill level 11 in Fighting
  9939 | D:8      | Killed ders's ghost
  9939 | D:8      | Reached ***** piety under Okawaru
 10250 | D:10     | Entered Level 10 of the Dungeon
 10273 | D:10     | Noticed Maggie
 10287 | D:10     | Killed Maggie
 10477 | D:10     | Received a gift from Okawaru
 11043 | D:11     | Identified the +8 rapier of the Ancients {pain, rElec
                  | Dex+3}
 11135 | D:11     | Received a gift from Okawaru
 11202 | D:11     | Reached skill level 12 in Fighting
 11211 | D:11     | Reached skill level 5 in Invocations
 11433 | D:11     | Noticed Urug
 11451 | D:11     | Slain by Urug

Illustrated notes

Levels and vault maps discovered:
D:1:      nicolae_arrival_washed_ashore, layout_rooms, grunt_decor_mini_mirrors,
          kennysheep_nondescript
D:2:      layout_basic, nicolae_ecumenical_pavilion, hangedman_decor_riveting
D:3:      layout_loops_cross
D:4:      minmay_razor_zed, layout_gridville
D:5:      wad_river_or_something, layout_loops_ring, serial_glass,
          glass_columns_c, glass_columns_c, glass_columns_a, glass_columns_b,
          kennysheep_generic_room_11
D:6:      layout_loops_cross, minmay_temple_entry_enclosed_plants,
          gammafunk_ghost_stat_death, grunt_decor_clamped, uniq_eustachio,
          uniq_grinder, uniq_duvessa
D:7:      layout_gridville, minmay_door_square, minmay_misc_feat_tiny
D:8:      layout_basic, dpeg_oklobed_lair, serial_shops, shop
D:9:      layout_basic, elyvilon_altar_1, gammafunk_ghost_nasty_kobolds,
          interstate_on_off, roderic_lattice_a, uniq_joseph,
          uniq_prince_ribbit1, uniq_harold
D:10:     layout_rooms, uniq_maggie
D:11:     layout_grid_maze, gauntlet_entry_generic,
          chequers_serial_rivers_micro_d, chequers_serial_rivers_micro_c,
          uniq_urug
Temple:   kilobyte_greek_temple

Skill      XL: |  1  2  3  4  5  6  7  8  9 10 11 |
---------------+----------------------------------+-----
Fighting       | 4 5 6 7 9 10 12 | 12.2
Armour         | 4 5 6 |  6.5
Axes           | 3 4 5 7 8 10 11 | 11.8
Shields        | 4 5 6 8 10 11 | 11.5
Throwing       | 1 2 3 5 6 8 |  8.6
Invocations    | 2 5 |  5.1

Action                   |  1- 3 |  4- 6 |  7- 9 | 10-12 || total
-------------------------+-------+-------+-------+-------++-------
Melee: War axe           |    55 |   114 |   208 |   234 ||   611
       Headbutt          |     8 |    18 |    37 |    68 ||   131
Throw: Stone             |       |     1 |     5 |    34 ||    40
       Dart              |       |       |     7 |     7 ||    14
       Boomerang         |       |       |    15 |     1 ||    16
       Javelin           |       |       |       |     8 ||     8
Invok: Heroism           |       |       |       |     2 ||     2
  Use: Scroll            |     1 |     5 |     7 |    14 ||    27
       Potion            |       |       |       |     1 ||     1
Armor: Scale mail        |    24 |    40 |       |       ||    64
       Crystal plate arm |       |       |   195 |   124 ||   319
Dodge: Dodged            |    21 |    47 |    10 |    11 ||    89
Block: Buckler           |    16 |    33 |       |       ||    49
       Kite shield       |       |       |   168 |   176 ||   344

Table legend: (Time is in decaauts)
 A = Elapsed time spent in this place.
 B = Non-inter-level travel time spent in this place.
 C = Inter-level travel time spent in this place.
 D = Time resting spent in this place.
 E = Time spent auto-exploring this place.
 F = Levels seen in this place.
 G = Mean time per level.
                   A        B        C        D        E       F      G
               +--------+--------+--------+--------+--------+-----+--------+
         Total |  11591 |  11133 |    458 |    923 |   8388 |  12 |  965.9 |
       Dungeon |  11341 |  10930 |    411 |    923 |   8222 |  11 | 1031.0 |
        Temple |    249 |    202 |     47 |      0 |    166 |   1 |  249.0 |
               +--------+--------+--------+--------+--------+-----+--------+

Top non-repeatable levels by time:
     D:4: 1561 daAuts
     D:5: 1377 daAuts
     D:6: 1312 daAuts
     D:8: 1259 daAuts
     D:9: 1186 daAuts
     D:2: 1060 daAuts
     D:3: 951 daAuts
     D:1: 913 daAuts
    D:10: 777 daAuts
     D:7: 516 daAuts
    D:11: 423 daAuts
  Temple: 249 daAuts
